 Dungeon Crawl Stone Soup version 0.17-a0-1210-g1e4f09d (webtiles) character file.

2499 wvc the Basher (level 9, -8/65 HPs)
             Began as a Mummy Wanderer on June 4, 2015.
             Was a Believer of Okawaru.
             Splashed by a jelly's acid (10 damage)
             ... on level 7 of the Dungeon.
             The game lasted 00:22:30 (10333 turns).

wvc the Basher (Mummy Wanderer)                    Turns: 10333, Time: 00:22:31

Health: -8/65      AC: -8    Str: 14    XL:     9   Next: 28%
Magic:  10/10      EV: 10    Int: 14    God:    Okawaru [**....]
Gold:   329        SH:  6    Dex: 13    Spells: 1 memorised, 7 levels left

rFire  . . .     SeeInvis .     l - +3 mace (protect)
rCold  + . .     Clarity  .     i - +0 ring mail
rNeg   + + +     SustAt   +     k - +1 buckler
rPois  ∞         Gourm    .     (no helmet)
rElec  .         Spirit   .     (no cloak)
rCorr  .         Warding  .     (no gloves)
rMut   .         Stasis   .     s - +0 pair of boots
MR     +....                    (no amulet)
Stlth  +.........               w - ring of protection from fire
                                f - ring of sustain attributes

@: corroded equipment, somewhat resistant to hostile enchantments, very
unstealthy
A: no food or potions, fire vulnerability, cold resistance 1, negative energy
resistance 3, torment resistance, unbreathing
a: Heroism, Renounce Religion


You were on level 7 of the Dungeon.
You worshipped Okawaru.
Okawaru was pleased with you.
You were not hungry.

You visited 2 branches of the dungeon, and saw 8 of its levels.
You also visited: Sewer.

You collected 329 gold pieces.

Inventory:

Hand weapons
 c - a +0 great mace
 e - a +0 hunting sling
 l - a +3 mace of protection (weapon)
 n - a +0 flail
 p - a +0 blowgun
 y - a cursed -1 whip
 z - the +6 trident of Balance {pierce, rPois rN+ MR+}
   (You found it on level 5 of the Dungeon)

   It inflicts extra damage upon your enemies.
   It protects you from poison.
   It protects you from negative energy.
   It affects your resistance to hostile enchantments.
 B - a +1 whip of venom
Missiles
 d - 5 sling bullets of frost
 o - a tomahawk (quivered)
 q - 9 poisoned needles
 x - 79 stones
Armour
 i - a +0 ring mail (worn)
 k - a +1 buckler (worn)
 s - a +0 pair of boots (worn)
Jewellery
 f - a ring of sustain attributes (left hand)
 w - a ring of protection from fire (right hand)
Magical devices
 m - a wand of teleportation (5)
 t - a wand of magic darts (11)
Scrolls
 b - a scroll of teleportation
 g - a scroll of noise
 h - a scroll of immolation
 j - 2 scrolls of fog
 A - 2 scrolls of enchant weapon
 C - a scroll of brand weapon {unknown}
Books
 u - a book of Cantrips

   Spells                             Type                      Level
   a - Corona                         Hexes                        1
   b - Animate Skeleton               Necromancy                   1
   c - Summon Small Mammal            Summoning                    1
   d - Apportation                    Translocation                1
 v - a book of Annihilations {highlevel, unknown}

   This book is beyond your current level of understanding.

   Spells                             Type                      Level
   a - Poison Arrow                   Conjuration/Poison           6
   b - Chain Lightning                Conjuration/Air              8
   c - Lehudib's Crystal Spear        Conjuration/Earth            8
   d - Glaciate                       Conjuration/Ice              9
   e - Fire Storm                     Conjuration/Fire             9
Miscellaneous
 a - a box of beasts {used: 1}


   Skills:
 - Level 4.0 Fighting
 * Level 9.1 Maces & Flails
 - Level 2.0 Armour
 - Level 1.4 Dodging
 + Level 4.7 Shields
 + Level 0.6 Invocations
 - Level 1.5 Evocations


You had 7 spell levels left.
You knew the following spells:

 Your Spells              Type           Power        Failure   Level  Hunger
a - Apportation           Tloc           #.........   61%         1    N/A

Dungeon Overview and Level Annotations

Branches:
Dungeon (7/15)             Temple (1/1) D:5

Altars:
Ashenzari
Cheibriados
Dithmenos
Fedhas
Gozag
Kikubaaqudgha
Okawaru
Qazlal
Ru
Sif Muna
Yredelemnul

Annotations:
D:4 Prince Ribbit
D:6 exclusions: electric eel and 2 more exclusions, Pikel


Innate Abilities, Weirdness & Mutations

You do not eat or drink.
Your flesh is vulnerable to fire.
You are immune to poison.
Your flesh is cold resistant.
You are immune to negative energy.
You are immune to unholy pain and torment.
You can survive without breathing.


Message History

The jelly closely misses you.
You hit the jelly.
Your hands burn!
The jelly is severely wounded.
The jelly misses you.
You hit the jelly but do no damage.
Your hands burn!
The jelly is severely wounded.
The jelly hits you.
You are splashed with acid!
The acid corrodes you!
The acid burns!
* * * LOW HITPOINT WARNING * * *
You hit the jelly. The acid corrodes you!
Your hands burn!
* * * LOW HITPOINT WARNING * * *
The jelly is almost dead.
You block the jelly's attack.
You hit the jelly but do no damage.
Your hands burn!
* * * LOW HITPOINT WARNING * * *
The jelly is almost dead.
The jelly hits you.
* * * LOW HITPOINT WARNING * * *
You are splashed with acid!
The acid burns!
You die...

#
.....####.####...##....##.##.
#
.....#..J..###...###.###.....
+
...........#...........#.....
#
###.###.....#.................
#
............#...........#.....
........................#.....
............#....)......#.....
............#J....##.####.....
.....J..<...#@....#...........
.##################......#####
#......# # #......# # #......#
# #......# # ######## #


You could see a jelly.

Vanquished Creatures
  Joseph (D:7)
  Sigmund (D:6)
  Duvessa (D:7)
  3 sky beasts
  2 ogres
  3 slaves (D:5)
  5 giant frogs
  Dowan (D:7)
  4 jellies (D:7)
  A scorpion (D:5)
  3 wights (D:7)
  2 crimson imps
  A centaur zombie (D:6)
  2 orc wizards
  A giant frog zombie (D:6)
  A gnoll shaman (D:6)
  2 orc priests
  3 worker ants
  A killer bee zombie (D:7)
  A hound zombie (D:7)
  A hound skeleton (D:7)
  2 worker ant zombies
  11 adders
  6 gnolls (D:6)
  4 oozes (Sewer)
  2 worms
  9 giant geckos
  8 orcs
  16 ball pythons
  A bat zombie (D:6)
  14 giant cockroaches
  7 goblins
  16 hobgoblins
  8 jackals (D:4)
  7 kobolds
  2 quokkas
  16 bats
  A giant gecko zombie (D:5)
  15 giant newts
  A jackal zombie (D:7)
  15 rats
201 creatures vanquished.

Vanquished Creatures (others)
  A giant gecko (D:6)
  A rat (D:6)
2 creatures vanquished.

Grand Total: 203 creatures vanquished

Notes
Turn   | Place    | Note
--------------------------------------------------------------
     0 | D:1      | wvc the Mummy Wanderer began the quest for the Orb.
     0 | D:1      | wvc set off with: a box of beasts, a scroll of teleportation, a +0 mace, a +0 robe
     0 | D:1      | Reached XP level 1. HP: 19/19 MP: 2/2
   644 | D:1      | Reached XP level 2. HP: 7/25 MP: 3/3
  1189 | D:2      | Reached XP level 3. HP: 25/30 MP: 4/4
  2727 | D:3      | Reached XP level 4. HP: 35/37 MP: 5/5
  3408 | D:4      | Found a glowing drain.
  3471 | Sewer    | Entered a sewer
  3523 | Sewer    | Reached XP level 5. HP: 42/42 MP: 6/6
  3651 | Sewer    | Reached skill level 1 in Shields
  3964 | Sewer    | Noticed a giant frog
  3986 | Sewer    | Killed a giant frog
  3986 | Sewer    | Reached XP level 6. HP: 10/48 MP: 7/7
  4406 | D:4      | Found a sacrificial altar of Ru.
  4726 | D:5      | Entered Level 5 of the Dungeon
  4726 | D:5      | Noticed Prince Ribbit
  4971 | D:5      | Learned a level 1 spell: Apportation
  4987 | D:5      | Reached skill level 5 in Maces & Flails
  4987 | D:5      | Reached XP level 7. HP: 38/54 MP: 8/8
  5077 | D:5      | Found a staircase to the Ecumenical Temple.
  5089 | Temple   | Entered the Ecumenical Temple
  5193 | Temple   | Became a worshipper of Warmaster Okawaru
  5395 | D:5      | Got an encrusted trident
  5396 | D:5      | Identified the +6 trident of Balance {pierce, rPois rN+ MR+} (You found it on level 5 of the Dungeon)
  7227 | D:6      | Noticed Pikel
  7547 | D:5      | Reached skill level 6 in Maces & Flails
  8040 | D:6      | Noticed Sigmund
  8351 | D:5      | Reached XP level 8. HP: 58/60 MP: 9/9
  8382 | D:6      | Killed Sigmund
  8382 | D:6      | Acquired Okawaru's first power
  8599 | D:7      | Reached skill level 7 in Maces & Flails
  9019 | D:7      | Noticed Duvessa
  9028 | D:7      | Killed Duvessa
  9029 | D:7      | Noticed Dowan
  9044 | D:7      | Killed Dowan
  9067 | D:7      | Reached skill level 8 in Maces & Flails
  9069 | D:7      | Noticed Joseph
  9182 | D:7      | Killed Joseph
  9182 | D:7      | Reached XP level 9. HP: 20/65 MP: 8/10
  9800 | D:7      | Reached skill level 9 in Maces & Flails
 10333 | D:7      | HP: 3/65 [acid (5)]
 10333 | D:7      | Splashed by a jelly's acid

Vault maps used:
D:1:      ncdulo_lavacross, fountainhead
D:4:      nicolae_ru_sacrificial_ziggurat, first_bread, gup_sewer_entry_glass
D:5:      minmay_temple_entry_overgrown, kennysheep_small_spiral,
          uniq_prince_ribbit1
D:6:      basic_altar, serial_bayou_lagoon_b, uniq_sigmund, uniq_pikel
D:7:      lemuel_coloured_pillars_altar, uniq_joseph, uniq_duvessa,
          uniq_crazy_yiuf_cottage
Temple:   chambers_temple_10
Sewer:    sewer_frog_island_02

Action                   |  1- 3 |  4- 6 |  7- 9 || total
-------------------------+-------+-------+-------++-------
Melee: Mace              |   157 |   346 |   443 ||   946
       Great mace        |     1 |    16 |       ||    17
       Whip              |       |       |     5 ||     5
 Fire: Blowgun           |       |       |     3 ||     3
Throw: Tomahawk          |       |       |     9 ||     9
       Throwing net      |       |       |     1 ||     1
Invok: Heroism           |       |       |     2 ||     2
Evoke: Box of beasts     |       |       |     2 ||     2
       Wand              |       |       |     2 ||     2
  Use: Scroll            |     5 |     4 |     5 ||    14
